 Dungeon Crawl Stone Soup version 0.31-a0-486-g8d68a81214 (webtiles) character file.

Game seed: 8055836758728716695

507862 pokeman the Archmage (level 24, -23/145 HPs)
             Began as a Deep Elf Hedge Wizard on Aug 7, 2023.
             Was the Champion of Vehumet.
             Killed from afar by a deep elf sorcerer (30 damage)
             ... with damnation
             ... on level 5 of the Vaults.
             The game lasted 03:22:52 (62771 turns).

pokeman the Archmage (Deep Elf Hedge Wizard)       Turns: 62771, Time: 03:22:53

Health: -23/145    AC: 26    Str: 18    XL:     24   Next: 23%
Magic:  56/65      EV: 11    Int: 37    God:    Vehumet [******]
Gold:   2879       SH: 11    Dex: 18    Spells: 22/77 levels left

rFire   x . .        q - staff "Goaklan" {rPois rC- rN+ Dex+2 Conj}
rCold   + + .        z - +2 buckler of the Bard {rElec rF- Str+6 Dex+2}
rNeg    + . .        o - +0 ice dragon scales of the Four Deaths {rF- rC++ Int+5 Stlth+}
rPois   +            r - +2 helmet
rElec   +            F - +2 cloak
rCorr   .            m - +2 pair of gloves
SInv    +            L - +0 pair of boots "Xumiddip" {MP+9 Slay+3 Stlth+}
Will    ++...        J - amulet of magic regeneration
Stlth   +++          S - ring "Lubihem" {*Corrode rF+ rC+ Str+5 SInv}
HPRegen 0.44/turn    W - ring of the Mage {Wiz Archmagi}
MPRegen 0.79/turn

%: corrode self (3%), wizardry (x1), archmagi
@: swift, marked, studying 2 skills, quick
A: no striking features
}: 2/15 runes: decaying, serpentine
a: Renounce Religion


You were on level 5 of the Vaults.
You worshipped Vehumet.
Vehumet was exalted by your worship.
You visited 9 branches of the dungeon, and saw 43 of its levels.
You also visited: Trove, Sewer, Bailey and Gauntlet.

You collected 6591 gold pieces.
You spent 3712 gold pieces at shops.

Inventory:

Hand Weapons
 G - the +1 scimitar "Hotig" {protect, *Corrode rF+ Will++ Int+2}
   (You found it on level 6 of the Dungeon)

   Int:       It affects your intelligence (+2).
   rF:        It protects you from fire.
   *Corrode:  It may corrode you when you take damage.
   Will:      It greatly increases your willpower.
Missiles
 N - 5 throwing nets
Armour
 m - a +2 pair of gloves (worn)
 o - the +0 ice dragon scales of the Four Deaths (worn) {rF- rC++ Int+5 Stlth+}
   (You took it off a centaur on level 7 of the Dungeon)

   Int:       It affects your intelligence (+5).
   rF:        It makes you vulnerable to fire.
   rC:        It greatly protects you from cold.
   Stlth:     It makes you more stealthy.
 r - a +2 helmet (worn)
 z - the +2 buckler of the Bard (worn) {rElec rF- Str+6 Dex+2}
   (You found it on level 1 of the Depths)

   Str:       It affects your strength (+6).
   Dex:       It affects your dexterity (+2).
   rF:        It makes you vulnerable to fire.
   rElec:     It insulates you from electricity.
 F - a +2 cloak (worn)
 L - the +0 pair of boots "Xumiddip" (worn) {MP+9 Slay+3 Stlth+}
   (You found it on level 8 of the Dungeon)

   Slay:      It affects your accuracy & damage with ranged weapons and melee
   (+3).
   MP:        It affects your magic capacity (+9).
   Stlth:     It makes you more stealthy.
Magical Staves
 q - the staff "Goaklan" (weapon) {rPois rC- rN+ Dex+2 Conj}
   (You took it off a kobold demonologist on level 7 of the Dungeon)

   [staff of conjuration]

   Base accuracy: +5 Base damage: 5 Base attack delay: 1.2 This weapon's minimum
   attack delay (0.6) is reached at skill level 12.
   Dex:       It affects your dexterity (+2).
   rC:        It makes you vulnerable to cold.
   rPois:     It protects you from poison.
   rN:        It protects you from negative energy.
   Conj:      It increases the power of your Conjurations spells.
   It falls into the 'Staves' category.
   It is a one-handed weapon.
Jewellery
 a - a ring of flight
 J - an amulet of magic regeneration (around neck)
 S - the ring "Lubihem" (left hand) {*Corrode rF+ rC+ Str+5 SInv}
   (You bought it in a shop on level 4 of the Dungeon)

   [ring of see invisible]

   Str:       It affects your strength (+5).
   rF:        It protects you from fire.
   rC:        It protects you from cold.
   SInv:      It lets you see invisible.
   *Corrode:  It may corrode you when you take damage.
 W - the ring of the Mage (right hand) {Wiz Archmagi}
   (You found it in a Gauntlet)

   [ring of wizardry]

   It improves your spell success rate.
   Archmagi:  It increases the power of your magical spells.
Wands
 B - a wand of digging (10)
 D - a wand of roots (38)
 K - a wand of acid (32)
Scrolls
 g - 20 scrolls of teleportation
 n - 7 scrolls of blinking
 A - 6 scrolls of revelation
Potions
 d - 6 potions of magic
 e - 7 potions of haste
 j - 2 potions of resistance
 t - 13 potions of curing
 H - 13 potions of heal wounds
Miscellaneous
 v - a tin of tremorstones (2/2)
 x - a phantom mirror
 y - a phial of floods
 U - a sack of spiders


   Skills:
 - Level 13.0 Fighting
 + Level 12.2 Armour
 - Level 3.0 Dodging
 - Level 3.0 Stealth
 - Level 17.0 Shields
 O Level 27 Spellcasting
 * Level 24.5 Conjurations
 - Level 1.1 Summonings
 - Level 2.0 Necromancy
 - Level 1.1 Translocations
 + Level 20.4 Fire Magic
 - Level 14.0 Ice Magic
 - Level 1.1 Air Magic
 - Level 1.1 Poison Magic
 - Level 2.0 Evocations


You had 22 spell levels left.
You knew the following spells:

 Your Spells              Type           Power      Damage    Failure   Level
a - Magic Dart            Conj           100%       1d8       0%          1
b - Mephitic Cloud        Conj/Pois/Air  100%       N/A       1%          3
c - Call Imp              Summ           100%       N/A       1%          2
d - Blink                 Tloc           100%       N/A       1%          2
e - Iskenderun's Mystic   Conj/Tloc      100%       2d19      1%          4
f - Fireball              Conj/Fire      85%        3d31      0%          5
g - Freezing Cloud        Conj/Ice/Air   73%        6-21      1%          5
h - Orb of Destruction    Conj           87%        9d19      1%          7
i - Swiftness             Air            72%        N/A       1%          3
j - Ignition              Fire           70%        3d18      1%          8
k - Fire Storm            Conj/Fire      85%        8d22      1%          9
l - Leda's Unmaking       Conj/Erth      71%        9d12      1%          6

Your spell library contained the following spells:

 Spells                   Type           Power      Damage    Failure   Level
 Foxfire                  Conj/Fire      100%       2x1d9     0%          1
 Freeze                   Ice            100%       1d10      0%          1
 Shock                    Conj/Air       100%       1d9       0%          1
 Momentum Strike          Conj/Tloc      100%       3d10      0%          2
 Searing Ray              Conj           100%       2d8       0%          2
 Static Discharge         Conj/Air       100%       2-7/arc   0%          2
 Dazzling Flash           Conj/Hex       100%       N/A       0%          3
 Frozen Ramparts          Ice            100%       1d16      0%          3
 Hailstorm                Conj/Ice       100%       3d20      0%          3
 Ozocubu's Armour         Ice            100%       N/A       0%          3
 Stone Arrow              Conj/Erth      100%       3d13      0%          3
 Flame Wave               Conj/Fire      100%       2d21      0%          4
 Sticky Flame             Conj/Fire      100%       2d11      0%          4
 Iskenderun's Battlesphe  Conj           100%       2d15      0%          5
 Starburst                Conj/Fire      85%        6d22      0%          6
 Apportation              Tloc           100%       N/A       1%          1
 Necrotise                Necr           100%       1d9       1%          1
 Sandblast                Erth           100%       2d20      1%          1
 Slow                     Hex            100%       N/A       1%          1
 Sting                    Tmut/Pois      100%       1d8       1%          1
 Summon Small Mammal      Summ           100%       N/A       1%          1
 Cigotuvi's Dreadful Rot  Necr/Pois/Air  100%       N/A       1%          2
 Ensorcelled Hibernation  Hex/Ice        100%       N/A       1%          2
 Lesser Beckoning         Tloc           100%       N/A       1%          2
 Passwall                 Tmut/Erth      55%        N/A       1%          2
 Poisonous Vapours        Pois/Air       100%       N/A       1%          2
 Wereblood                Tmut           66%        N/A       1%          2
 Call Canine Familiar     Summ           72%        N/A       1%          3
 Gell's Gravitas          Tloc           72%        N/A       1%          3
 Ignite Poison            Fire/Tmut/Pois 100%       N/A       1%          3
 Portal Projectile        Hex/Tloc       100%       N/A       1%          3
 Summon Guardian Golem    Hex/Summ       69%        N/A       1%          3
 Teleport Other           Tloc           72%        N/A       1%          3
 Vampiric Draining        Necr           78%        2d11      1%          3
 Volatile Blastmotes      Fire/Tloc      100%       2d18      1%          3
 Airstrike                Air            36%        2d(6-22)  1%          4
 Fulminant Prism          Conj/Hex       71%        3d29      1%          4
 Summon Ice Beast         Ice/Summ       100%       N/A       1%          4
 Irradiate                Conj/Tmut      71%        3d35      1%          5
 Metabolic Englaciation   Hex/Ice        50%        N/A       1%          5
 Conjure Ball Lightning   Conj/Air       72%        3x3d27    1%          6
 Plasma Beam              Fire/Air       57%        2x1d72    1%          6
 Ozocubu's Refrigeration  Ice            62%        4d21      1%          7
 Spellforged Servitor     Conj/Summ      72%        N/A       1%          7
 Dispel Undead            Necr           78%        3d26      2%          4
 Simulacrum               Ice/Necr       52%        N/A       2%          6
 Animate Armour           Summ/Erth      100%       N/A       4%          4
 Cause Fear               Hex            33%        N/A       4%          4
 Petrify                  Tmut/Erth      66%        N/A       4%          4
 Agony                    Necr           78%        N/A       6%          5
 Lehudib's Crystal Spear  Conj/Erth      71%        10d16     6%          8
 Borgnjor's Vile Clutch   Necr/Erth      36%        N/A       9%          5
 Summon Forest            Summ/Tloc      36%        N/A       9%          5
 Alistair's Intoxication  Tmut/Pois      46%        N/A       11%         5
 Silence                  Hex/Air        34%        N/A       11%         5
 Summon Mana Viper        Hex/Summ       69%        N/A       11%         5
 Eringya's Noxious Bog    Tmut/Pois      34%        4d6       16%         6
 Death Channel            Necr           39%        N/A       32%         6
 Polar Vortex             Ice            62%        12d8*     34%         9
 Dispersal                Tloc           36%        N/A       41%         6
 Summon Cactus Giant      Summ           36%        N/A       41%         6
 Chain Lightning          Conj/Air       72%        3d96      47%         9
 Malign Gateway           Summ/Tloc      36%        N/A       92%         7
 Monstrous Menagerie      Summ           36%        N/A       92%         7
 Summon Hydra             Summ           36%        N/A       92%         7
 Maxwell's Capacitive Co  Air            36%        ∞         97%         8
 Infestation              Necr           39%        N/A       100%        8
 Summon Horrible Things   Summ           36%        N/A       100%        8
 Death's Door             Necr           39%        N/A       100%        9
 Dragon's Call            Summ           36%        N/A       100%        9


Dungeon Overview and Level Annotations

Branches:
Dungeon (15/15)            Temple (1/1) D:5            Lair (5/5) D:9
  Swamp (4/4) Lair:3        Snake (4/4) Lair:2        Slime (0/5) Lair:4
    Orc (2/2) D:11            Elf (3/3) Orc:2        Vaults (5/5) D:14
  Crypt (0/3) Vaults:3     Depths (4/4) D:15            Zot (0/5) Depths:4
  Sewer (visited)          Bailey (visited)         Gauntlet (visited)

Altars:
Ashenzari
Cheibriados
Dithmenos
Elyvilon
Fedhas
Gozag
Hepliaklqana
Kikubaaqudgha
Makhleb
Nemelex Xobeh
Okawaru
Qazlal
Ru
Sif Muna
Trog
Uskayaw
Vehumet
Wu Jian
Xom
Yredelemnul
Zin
The Shining One

Shops:
D:4 =   Orc:2 [=[   Elf:1 :   Snake:1 !*!:=:==[   Snake:2 *?!   Snake:4 :
Vaults:3 *   Vaults:4 (   Depths:1 *   Depths:3 ![

Portals:
Hell: Depths:1 Depths:2 Depths:3 Depths:4
Abyss: Depths:3
Pandemonium: Depths:2 Depths:3
Ziggurat: Depths:2


Message History

The titan slams into the heavily etched metal wall!
The titan is moderately wounded.
The mystic blast hits the vault warden!
The vault warden is heavily wounded.
The vault warden is knocked back by the mystic blast.
The vault warden collides with the ironbound preserver!
The ironbound preserver is moderately wounded.
The vault warden is heavily wounded.
The mystic blast hits the ettin!!
You kill the ettin!
Vehumet accepts your kill.
You feel your power returning.
Your fire vortex hits the vault warden.
Your fire vortex burns the vault warden!
Your fire vortex dissipates!
The ironbound convoker gestures at the golden dragon while chanting.
The golden dragon seems to grow stronger.
The stone giant throws a large rock.
The large rock hits your fire vortex!
The ironbound preserver is engulfed in blazing flames.
Unknown command.
Casting: Iskenderun's Mystic Blast (safe; 1% risk of failure)
Confirm with . or Enter, or press ? or * to list all spells.
Aiming: Fire Storm (dangerous; 1% risk of failure)
Press: ? - help, Dir - move target You feel a strong surge of power!
A raging storm of fire appears!
The great blast of fire engulfs the vault warden!!!!
You kill the vault warden!
Vehumet accepts your kill.
You feel your power returning.
The runic seals fade away.
The great blast of fire engulfs the ironbound preserver!!!!
You kill the ironbound preserver!
Vehumet accepts your kill.
You feel your power returning.
The faun changes into a merfolk!
The deep elf sorcerer points at you and mumbles some strange words.
The sphere of damnation explodes!
The damnation engulfs your fire vortex!!
Your fire vortex dissipates!
The damnation engulfs your fire vortex!!
Your fire vortex dissipates!
The damnation engulfs you!!
You die...

. #....# . )
#.v..# p#
#.#.#....# .##
)#°m#..[)##).##
..#...[v.#D....
...).p[[v.☼C.#
##....).))°#####
.v[[).v<..○vv☼☼.
.$[).p☼)@.☼§☼☼§.
.v.[.Q<☼).☼☼☼☼☼.
....)[).[(......
#..C.D[[..[).###
.#.[..[[....[#
#[#.e......).#
.#.#[....###..
.#.#....# [..


You could see an iron dragon (catching breath), 2 ironbound preservers, a titan,
a golden dragon (strong), a stone giant, a tengu reaver, a deep elf sorcerer
(fast), a merfolk shaped shifter, an ironbound convoker and 8 friendly fire
vortices.

Vanquished Creatures
  2 dread liches
  An ancient lich (Vaults:2)
  A juggernaut (Depths:2)
  Bai Suzhen (Vaults:2)
  Margery (Vaults:2)
  Vashnia (Snake:4)
  4 caustic shrikes (Depths:2)
  6 golden dragons
  Norris (Depths:1)
  2 tentacled monstrosities
  A walking crystal tome (Depths:2)
  Jorgrun (Elf:1)
  3 liches
  3 titans
  2 deep elf master archers (Elf:3)
  The ghost of GloriousHammer the Tortoise, an adept AtBe of Trog (Snake:3)
  3 deep elf blademasters
  3 sphinxes
  Kirke (Elf:1)
  Aizul (Snake:2)
  2 shadow dragons
  The ghost of Yti Onoa the Fighter, an adept OpVM of Vehumet (Snake:4)
  2 storm dragons (Depths:2)
  Donald (Vaults:1)
  3 fenstrider witches (Depths:3)
  A draconian monk (Depths:4)
  8 tengu reavers
  An azure jelly (Swamp:4)
  2 nagarajas (Snake:4)
  A draconian scorcher (Depths:4)
  Louise (Depths:3)
  An iron dragon (Depths:2)
  4 deep elf sorcerers
  8 fire giants
  10 vault wardens
  2 deep elf elementalists (Elf:3)
  9 frost giants
  An orc warlord (Vaults:3)
  A draconian stormcaller (Depths:4)
  A caustic shrike zombie (Depths:2)
  12 ironbound preservers
  6 ironbound thunderhulks
  A formless jellyfish (Vaults:2)
  The ghost of anansati the Carver, a journeyman NaMo of Zin (Lair:4)
  2 war gargoyles
  15 stone giants
  2 spriggan defenders (Depths:2)
  8 vampire knights
  22 very ugly things
  6 deep elf annihilators
  7 deep elf demonologists
  6 eleionomae
  A dire elephant (Vaults:2)
  10 bunyips
  A minotaur (Gauntlet)
  A purple draconian (Depths:4)
  A yellow draconian (Depths:4)
  2 red draconians (Depths:4)
  11 spark wasps
  A blizzard demon (Depths:2)
  2 crystal guardians
  10 deep elf death magi
  3 jiangshi
  11 ettins
  5 fire dragons
  6 great orbs of eyes
  Josephine (D:10)
  10 yaktaur captains
  2 shambling mangroves
  4 deep elf high priests
  Harold (D:10)
  4 entropy weavers
  6 salamander tyrants
  15 ice dragons
  2 rakshasas
  8 hydras
  7 ironbound frosthearts
  2 ghost crabs
  A hell beast (Depths:2)
  5 ogre magi
  5 anacondas
  4 peacekeepers
  32 vault guards
  5 catoblepae
  17 centaur warriors
  19 two-headed ogres
  4 spriggan air magi
  2 deep troll shamans
  8 boulder beetles
  10 alligators
  11 death yaks
  12 naga warriors
  2 vampire magi
  Urug (D:13)
  6 deep troll earth magi
  35 dancing weapons
  5 spriggan berserkers
  16 naga sharpshooters
  6 tengu warriors
  26 deep elf knights
  2 soul eaters (Depths:2)
  10 shock serpents
  18 hell knights
  A sun demon (Depths:2)
  8 salamander mystics
  2 sixfirhies (Depths:2)
  8 skeletal warriors
  7 skysharks
  5 iron trolls
  Amaemon (Lair:1)
  A shadow wraith (Vaults:4)
  A goliath frog (Swamp:4)
  3 flayed ghosts
  5 spriggan druids
  An obsidian statue (Snake:3)
  2 spectral hydras (Swamp:3)
  2 death drakes
  37 deep trolls
  6 wizards
  14 naga ritualists
  13 bog bodies
  2 glowing orange brains (Depths:2)
  7 swamp dragons
  A lindwurm (shapeshifter) (Vaults:5)
  5 phantasmal warriors
  10 lindwurms
  14 deep elf archers
  25 deep elf zephyrmancers
  A tengu zombie (D:15)
  Pikel (D:6)
  6 goliath frog zombies (Swamp:3)
  4 harpies (Vaults:1)
  14 ironbound convokers
  38 deep elf pyromancers
  8 orc knights
  17 mana vipers
  33 ugly things
  13 necromancers
  A large abomination (Swamp:3)
  A frost giant zombie (D:15)
  2 orc sorcerers (Orc:2)
  A fire giant zombie (Depths:2)
  5 oklob plants
  5 will-o-the-wisps
  34 salamanders
  A tengu skeleton (Depths:2)
  6 cyclopes
  5 manticores
  Maurice (D:8)
  20 vault sentinels
  21 elephants
  25 naga magi
  53 black mambas
  7 guardian serpents
  A gargoyle (D:11)
  An eye of devastation (shapeshifter) (Depths:2)
  3 orange demons
  A torpor snail (shapeshifter) (Vaults:5)
  17 cane toads
  2 rime drakes
  2 unseen horrors (D:7)
  A hellion (Depths:3)
  A kobold demonologist (D:7)
  4 swamp worm zombies (Swamp:3)
  2 spriggan zombies (D:15)
  An efreet (D:14)
  4 freezing wraiths (Swamp:4)
  10 komodo dragons
  40 yaktaurs
  2 ice devils
  3 tengu conjurers
  A queen bee (shapeshifter) (Vaults:5)
  8 trolls
  2 polar bears
  A tyrant leech (shapeshifter) (Vaults:2)
  Grinder (Sewer)
  3 bloated husks
  A hellwing (Depths:3)
  A tarantella (Vaults:1)
  12 hornets
  Prince Ribbit (D:6)
  A shadow dragon simulacrum (Depths:2)
  5 tyrant leeches
  4 spectral swamp dragons (Swamp:3)
  An alligator zombie (Swamp:3)
  A raiju (Gauntlet)
  A raiju (shapeshifter) (D:14)
  13 blink frogs
  A jumping spider (Vaults:2)
  Sigmund (D:6)
  36 slime creatures
  An air elemental (Elf:1)
  9 wraiths
  A centaur simulacrum (D:15)
  A ynoxinul (Depths:3)
  11 spriggans
  6 wyverns
  A culicivora (Vaults:1)
  A vampire (D:7)
  7 water elementals
  58 yaks
  A basilisk (shapeshifter) (Elf:2)
  A fire elemental (Elf:3)
  3 tyrant leech zombies (Swamp:3)
  3 basilisks
  4 steam dragons
  3 swamp worm simulacra (Swamp:4)
  3 chaos spawn (Depths:2)
  A redback (Vaults:1)
  22 vampire mosquitoes
  19 swamp worms
  A warg (D:15)
  A warg (shapeshifter) (D:13)
  An acid dragon (Gauntlet)
  14 hydra simulacra (Swamp:4)
  The ghost of Tollund the Cutter, an amateur VSFi (D:4)
  59 nagas
  12 water moccasins
  A floating eye (Depths:2)
  7 hell hounds (D:14)
  31 orc warriors
  6 swamp drakes
  7 ice beasts
  3 black bears
  15 wolves
  22 centaurs
  31 ogres
  A phantom (D:7)
  3 kobold brigands
  13 bullfrogs
  A gnoll sergeant (D:7)
  2 scorpions
  3 earth elementals
  A scorpion (shapeshifter) (Depths:2)
  7 wights
  A troll zombie (Swamp:3)
  6 killer bees (D:9)
  A killer bee (shapeshifter) (Depths:4)
  4 electric eels (Lair:3)
  5 howler monkeys
  2 quasits (Sewer)
  4 hounds
  4 jellies
  2 gnoll boudas
  15 orc priests
  Crazy Yiuf (D:4)
  2 sleepcaps (D:5)
  4 iguanas
  10 orc wizards
  4 hell rats (Lair:5)
  2 lightning spires (Gauntlet)
  Robin (D:3)
  11 gnolls
  7 adders
  A shadow imp (Sewer)
  2 white imps (D:8)
  9 ufetubi
  5 swamp drake simulacra (Swamp:4)
  A worm (D:6)
  3 dart slugs
  77 orcs
  8 ball pythons
  9 endoplasms
  3 giant cockroaches
  11 goblins
  8 hobgoblins
  2 jackals (D:5)
  4 quokkas
  5 bats
  A frilled lizard (D:1)
  A giant cockroach zombie (Sewer)
  30 kobolds
  A kobold zombie (Sewer)
  A rat (D:1)
  3 fire vortices
1940 creatures vanquished.

Vanquished Creatures (collateral kills)
  A lich (Depths:4)
  A quicksilver dragon (Vaults:5)
  A shadow dragon (Vaults:5)
  4 very ugly things (Depths:2)
  A deep troll earth mage (Depths:2)
  2 floating eyes (Depths:3)
  An adder (D:2)
  A worm (D:2)
  An orc (Vaults:5)
13 creatures vanquished.

Vanquished Creatures (others)
  An angel (D:6)
  An iguana (D:5)
  158 fire vortices
  4 foxfires
164 creatures vanquished.

Grand Total: 2117 creatures vanquished

Notes
Turn   | Place    | Note
-------+----------+-------------------------------------------
     0 | D:1      | pokeman the Deep Elf Hedge Wizard began the quest for the
                  | Orb.
     0 | D:1      | Reached XP level 1. HP: 10/10 MP: 7/7
   144 | D:1      | Found a faded altar of an unknown god.
   355 | D:1      | Reached XP level 2. HP: 7/16 MP: 1/9
   948 | D:2      | Reached skill level 5 in Spellcasting
  1096 | D:2      | Reached XP level 3. HP: 10/20 MP: 2/11
  1107 | D:1      | Learned a level 3 spell: Mephitic Cloud
  1110 | D:1      | Learned a level 2 spell: Call Imp
  1113 | D:1      | Learned a level 2 spell: Blink
  1317 | D:2      | Reached skill level 1 in Armour
  1375 | D:2      | Reached skill level 1 in Fighting
  1462 | D:2      | Found a sparkling altar of Nemelex Xobeh.
  1648 | D:3      | Reached XP level 4. HP: 20/25 MP: 5/13
  2174 | D:3      | Noticed Robin
  2190 | D:3      | Reached skill level 6 in Spellcasting
  2197 | D:3      | Reached XP level 5. HP: 22/29 MP: 6/15
  2209 | D:3      | Killed Robin
  2723 | D:4      | Reached skill level 1 in Air Magic
  2723 | D:4      | Reached skill level 1 in Poison Magic
  2852 | D:4      | Found Ryjeforch's Jewellery Emporium.
  3051 | D:4      | Noticed Tollund's ghost (amateur VSFi)
  3053 | D:4      | Reached XP level 6. HP: 34/34 MP: 13/17
  3076 | D:4      | Found a runed translucent gate.
  3077 | D:4      | Found a runed translucent gate.
  3078 | D:4      | Found a runed translucent gate.
  3180 | D:4      | Found a runed translucent door.
  3181 | D:4      | Noticed Crazy Yiuf
  3192 | D:4      | Killed Crazy Yiuf
  3193 | D:4      | Reached skill level 7 in Spellcasting
  3396 | D:4      | Found a hazy altar of Hepliaklqana.
  3398 | D:4      | Found a sparkling altar of Nemelex Xobeh.
  3649 | D:5      | Entered Level 5 of the Dungeon
  3944 | D:5      | Found a staircase to the Ecumenical Temple.
  3954 | Temple   | Entered the Ecumenical Temple
  4020 | D:5      | Reached XP level 7. HP: 23/40 MP: 11/20
  4158 | D:5      | Reached skill level 8 in Spellcasting
  4511 | D:6      | Found a glowing drain.
  4574 | Sewer    | Entered a sewer
  4634 | Sewer    | Reached skill level 9 in Spellcasting
  4807 | Sewer    | Learned a level 4 spell: Iskenderun's Mystic Blast
  5080 | Sewer    | Found a burning altar of Makhleb.
  5091 | Sewer    | Noticed Grinder
  5100 | Sewer    | Paralysed by Grinder for 4 turns
  5107 | Sewer    | Killed Grinder
  5108 | Sewer    | Reached skill level 1 in Shields
  5108 | Sewer    | Reached skill level 5 in Conjurations
  5108 | Sewer    | Reached XP level 8. HP: 38/44 MP: 5/23
  5258 | Sewer    | Reached skill level 10 in Spellcasting
  5464 | D:6      | Noticed Sigmund
  5483 | D:6      | Killed Sigmund
  5572 | D:6      | Noticed Pikel
  5600 | D:6      | Reached skill level 11 in Spellcasting
  5601 | D:6      | Killed Pikel
  5602 | D:6      | Reached XP level 9. HP: 7/48 MP: 8/26
  5958 | D:6      | Identified the +1 scimitar "Hotig" {protect, *Corrode rF+
                  | Will++ Int+2}
  5982 | D:6      | Found a shimmering altar of Xom.
  5982 | D:6      | Found a glowing silver altar of Zin.
  5982 | D:6      | Noticed an angel
  6003 | D:6      | Reached skill level 12 in Spellcasting
  6080 | D:6      | Noticed Prince Ribbit
  6087 | D:6      | Killed Prince Ribbit
  6212 | D:6      | Killed an angel
  6491 | D:7      | Found a runed translucent door.
  6491 | D:7      | Noticed a manticore
  6491 | D:7      | Noticed a cyclops
  6491 | D:7      | Noticed a centaur warrior
  6492 | D:7      | Found a runed translucent door.
  6545 | D:7      | Found a flagged portal.
  6552 | Bailey   | Entered a bailey
  6555 | Bailey   | Reached skill level 13 in Spellcasting
  7020 | Bailey   | Reached XP level 10. HP: 25/56 MP: 18/29
  7231 | Bailey   | Reached skill level 14 in Spellcasting
  7956 | D:7      | Found a runed translucent door.
  8141 | D:7      | Learned a level 7 spell: Orb of Destruction
  8145 | D:7      | Learned a level 3 spell: Swiftness
  8146 | D:8      | Noticed Maurice
  8165 | D:8      | Killed Maurice
  8166 | D:8      | Reached skill level 1 in Necromancy
  8166 | D:8      | Reached skill level 1 in Evocations
  8195 | D:8      | Found a transporter.
  8597 | D:8      | Identified the +0 pair of boots "Xumiddip" {MP+9 Slay+3
                  | Stlth+}
  8697 | D:8      | Reached skill level 15 in Spellcasting
  8888 | D:8      | Found a large runed translucent door.
  8889 | D:8      | Found a large runed translucent door.
  9026 | D:8      | Found a transporter.
  9090 | D:8      | Found a radiant altar of Vehumet.
  9093 | D:8      | Became a worshipper of Vehumet
  9098 | D:8      | Found a broken altar of Ashenzari.
  9425 | D:4      | Killed Tollund's ghost
  9643 | D:9      | Reached XP level 11. HP: 50/61 MP: 32/32
  9839 | D:9      | Reached skill level 16 in Spellcasting
 10174 | D:9      | Found a staircase to the Lair.
 10185 | D:9      | Learned a level 5 spell: Freezing Cloud
 10199 | D:9      | Learned a level 5 spell: Fireball
 10355 | D:9      | Reached * piety under Vehumet
 10355 | D:9      | Offered knowledge of Kiss of Death by Vehumet.
 10547 | D:10     | Entered Level 10 of the Dungeon
 10612 | D:10     | Noticed Josephine
 10648 | D:10     | Reached skill level 1 in Ice Magic
 10651 | D:10     | Reached skill level 1 in Fire Magic
 10657 | D:10     | Noticed Harold
 10832 | D:10     | Killed Harold
 10835 | D:10     | Upgraded the game from 0.31-a0-473-g61b50ae490 to
                  | 0.31-a0-486-g8d68a81214
 10941 | D:10     | Noticed a two-headed ogre
 10947 | D:10     | Killed a two-headed ogre
 11062 | D:10     | Killed Josephine
 11063 | D:10     | Reached skill level 10 in Conjurations
 12415 | D:4      | Bought the ring "Lubihem" {*Corrode rF+ rC+ Str+5 SInv} for
                  | 572 gold pieces
 12651 | D:11     | Reached skill level 17 in Spellcasting
 12955 | D:11     | Offered knowledge of Freeze by Vehumet.
 13037 | D:11     | Found a staircase to the Orcish Mines.
 13124 | D:11     | Noticed a boulder beetle
 13144 | D:11     | Killed a boulder beetle
 13145 | D:11     | Reached XP level 12. HP: 66/66 MP: 19/35
 13255 | D:11     | Noticed a boulder beetle
 13261 | D:11     | Killed a boulder beetle
 13269 | D:11     | Reached ** piety under Vehumet
 13671 | D:11     | Identified a scroll of acquirement
 13678 | D:11     | Acquired 1311 gold pieces
 13740 | D:12     | Reached skill level 5 in Shields
 14001 | D:12     | Identified the orb "Farrafag" {guile, Str+3}
 14025 | D:12     | Noticed a boulder beetle
 14030 | D:12     | Killed a boulder beetle
 14256 | D:12     | Noticed a boulder beetle
 14449 | D:12     | Killed a boulder beetle
 14585 | D:12     | Reached skill level 18 in Spellcasting
 14993 | D:12     | Reached skill level 5 in Ice Magic
 14997 | D:12     | Reached skill level 5 in Fire Magic
 15277 | D:13     | Found a gate leading to a gauntlet.
 15285 | Gauntlet | Entered a Gauntlet
 15285 | Gauntlet | Found a transporter.
 15285 | Gauntlet | Found a transporter.
 15304 | Gauntlet | Found a transporter.
 15311 | Gauntlet | Found a transporter.
 15324 | Gauntlet | Found a transporter.
 15328 | Gauntlet | Found a transporter.
 15345 | Gauntlet | Found the ring of the Mage {Wiz Archmagi}
 15347 | Gauntlet | Found a transporter.
 15362 | Gauntlet | Found a transporter.
 15366 | Gauntlet | Found a transporter.
 15369 | Gauntlet | Found a transporter.
 15419 | Gauntlet | Found a transporter.
 15423 | Gauntlet | Found a transporter.
 15423 | Gauntlet | Noticed a death scarab
 16391 | Gauntlet | Noticed a minotaur
 16411 | Gauntlet | Killed a minotaur
 16426 | Gauntlet | Identified the +0 falchion of Suniav {elec, rPois rC++
                  | Str+2 Int-2}
 17203 | D:13     | Offered knowledge of Scorch by Vehumet.
 17203 | D:13     | Noticed a centaur warrior
 17203 | D:13     | Noticed a centaur warrior
 17209 | D:13     | Killed a centaur warrior
 17213 | D:13     | Killed a centaur warrior
 17368 | D:13     | Noticed a boulder beetle
 17372 | D:13     | Killed a boulder beetle
 17438 | D:13     | Noticed a centaur warrior
 17441 | D:13     | Killed a centaur warrior
 17442 | D:13     | Reached XP level 13. HP: 47/72 MP: 28/37
 17564 | D:13     | Noticed Urug
 17567 | D:13     | Killed Urug
 18181 | D:14     | Reached skill level 19 in Spellcasting
 18190 | D:14     | Reached *** piety under Vehumet
 18191 | D:14     | Reached skill level 5 in Fighting
 18994 | D:14     | Found a gate to the Vaults.
 19297 | D:14     | Offered knowledge of Dazzling Flash by Vehumet.
 20219 | D:15     | Entered Level 15 of the Dungeon
 20842 | D:15     | Found a staircase to the Depths.
 20858 | D:15     | Reached skill level 5 in Armour
 20942 | D:15     | Reached XP level 14. HP: 78/78 MP: 29/39
 20954 | D:15     | Reached skill level 20 in Spellcasting
 21117 | D:15     | Reached **** piety under Vehumet
 21429 | D:15     | Offered knowledge of Flame Wave by Vehumet.
 21736 | D:15     | Found a glowing silver altar of Zin.
 22513 | D:4      | Bought an amulet of magic regeneration for 420 gold pieces
 22699 | Lair:1   | Entered Level 1 of the Lair of Beasts
 22929 | Lair:1   | Noticed Amaemon
 22934 | Lair:1   | Killed Amaemon
 23228 | Lair:1   | Found a snail-covered altar of Cheibriados.
 24440 | Lair:2   | Reached ***** piety under Vehumet
 24440 | Lair:2   | Offered knowledge of Sticky Flame by Vehumet.
 24468 | Lair:2   | Found a basalt altar of Yredelemnul.
 24630 | Lair:2   | Found a staircase to the Snake Pit.
 24917 | Lair:3   | Reached skill level 21 in Spellcasting
 24921 | Lair:3   | Reached skill level 10 in Shields
 24997 | Lair:3   | Found a staircase to the Swamp.
 26229 | Lair:4   | Reached XP level 15. HP: 82/82 MP: 36/42
 26417 | Lair:4   | Identified the +4 ring mail of Existentialism {rF+ Int+2}
 26664 | Lair:4   | Found a runed translucent door.
 26664 | Lair:4   | Noticed anansati's ghost (journeyman NaMo)
 26698 | Lair:4   | Killed anansati's ghost
 27019 | Lair:4   | Found a staircase to the Slime Pits.
 27235 | Lair:5   | Entered Level 5 of the Lair of Beasts
 27246 | Lair:5   | Offered knowledge of Arcjolt by Vehumet.
 28116 | Lair:5   | Reached skill level 22 in Spellcasting
 28487 | Lair:5   | Identified the +2 battleaxe of Ocappeec {holy, Str+2 Int+3
                  | Dex-5 SInv}
 29065 | Orc:1    | Entered Level 1 of the Orcish Mines
 29256 | Orc:2    | Entered Level 2 of the Orcish Mines
 29520 | Orc:2    | Reached skill level 10 in Ice Magic
 29531 | Orc:2    | Reached skill level 10 in Fire Magic
 29680 | Orc:2    | Found a staircase to the Elven Halls.
 29804 | Orc:2    | Reached XP level 16. HP: 90/90 MP: 44/44
 29842 | Orc:2    | Found Sitacod's Jewellery Emporium.
 29842 | Orc:2    | Found Kefargh's Antique Armour Boutique.
 29845 | Orc:2    | Found Haryrgh's Armour Shop.
 29845 | Orc:2    | Found Sodgh's Distillery.
 30037 | Orc:2    | Bought a ring of flight for 245 gold pieces
 30271 | Swamp:1  | Entered Level 1 of the Swamp
 30641 | Snake:1  | Entered Level 1 of the Snake Pit
 31084 | Snake:1  | Found Teshub's Dragon-Slaying Spoils.
 31133 | Snake:1  | Found Zupnonwe's Book Shoppe.
 31134 | Snake:1  | Found Ziano's Jewellery Shop.
 31134 | Snake:1  | Found Quenugr Ufots's Jewellery Shop.
 31142 | Snake:1  | Bought a manual of Fighting for 960 gold pieces
 31202 | Snake:1  | Offered knowledge of Starburst by Vehumet.
 31264 | Snake:1  | Reached skill level 23 in Spellcasting
 31334 | Snake:1  | Found Megy's Distillery.
 31370 | Snake:1  | Found Vecul's Distillery.
 31448 | Snake:1  | Found Etuahuapn's Book Boutique.
 31699 | Snake:1  | Found Kaomiax's Assorted Antiques.
 31787 | Snake:1  | Found Qiri's Jewellery Boutique.
 32411 | Snake:2  | Found Ejawnogu's Distillery.
 32415 | Snake:2  | Found Cecaw's Magic Scroll Emporium.
 32416 | Snake:2  | Found Ovuin's General Store.
 32420 | Snake:2  | Bought a potion of curing for 33 gold pieces
 32420 | Snake:2  | Bought a potion of curing for 33 gold pieces
 32420 | Snake:2  | Bought a potion of heal wounds for 55 gold pieces
 32422 | Snake:2  | Bought a scroll of identify for 34 gold pieces
 32422 | Snake:2  | Bought a scroll of teleportation for 51 gold pieces
 32422 | Snake:2  | Bought a scroll of identify for 34 gold pieces
 32422 | Snake:2  | Bought a scroll of identify for 34 gold pieces
 32570 | Snake:2  | Noticed Aizul
 32578 | Snake:2  | Killed Aizul
 32860 | Snake:2  | Reached XP level 17. HP: 97/97 MP: 44/46
 33330 | Snake:3  | Reached ****** piety under Vehumet
 33484 | Snake:3  | Found a basalt altar of Yredelemnul.
 33740 | Snake:3  | Found a shadowy altar of Dithmenos.
 33925 | Snake:3  | Found a runed translucent gate.
 33925 | Snake:3  | Found a runed translucent gate.
 33927 | Snake:3  | Found a runed translucent gate.
 33928 | Snake:3  | Found an opulent altar of Gozag.
 33930 | Snake:3  | Noticed GloriousHammer's ghost (adept AtBe)
 33991 | Snake:4  | Entered Level 4 of the Snake Pit
 34003 | Snake:4  | Offered knowledge of Conjure Ball Lightning by Vehumet.
 34006 | Snake:4  | Reached skill level 24 in Spellcasting
 34166 | Snake:4  | Got Ymet's Lessons on Foul Glaciation
 34187 | Snake:4  | Found a runed translucent door.
 34189 | Snake:4  | Noticed Yti Onoa's ghost (adept OpVM)
 34363 | Snake:4  | Reached skill level 15 in Conjurations
 34594 | Snake:4  | Offered knowledge of Iskenderun's Battlesphere by Vehumet.
 34795 | Snake:4  | Noticed Vashnia
 35047 | Snake:4  | Found Lirysun's Book Shop.
 35406 | Snake:4  | Got a serpentine rune of Zot
 35830 | Snake:4  | Killed Vashnia
 36270 | D:7      | Reached XP level 18. HP: 107/107 MP: 48/48
 36488 | D:7      | Identified the +0 ice dragon scales of the Four Deaths {rF-
                  | rC++ Int+5 Stlth+}
 36505 | D:7      | Identified the staff "Goaklan" {rPois rC- rN+ Dex+2 Conj}
 36505 | D:7      | Identified the amulet of Adgheh {Acrobat Stlth+}
 36510 | D:7      | Reached skill level 10 in Fighting
 37094 | Snake:4  | Bought a manual of Shields for 880 gold pieces
 38052 | Swamp:2  | Reached skill level 25 in Spellcasting
 38489 | Swamp:3  | Offered knowledge of Ozocubu's Refrigeration by Vehumet.
 39342 | Swamp:3  | Identified the +8 chain mail "Ywyifaec" {rPois rN+ Will-
                  | Str+3}
 39351 | Swamp:3  | Got the Catalogue of the Door
 39605 | Swamp:3  | Identified the +1 pair of boots "Boeshru" {Int+3}
 39634 | Swamp:4  | Entered Level 4 of the Swamp
 40257 | Swamp:4  | Offered knowledge of Ignition by Vehumet.
 40268 | Swamp:4  | Learned a level 7 spell: Spellforged Servitor
 40319 | Swamp:4  | Reached XP level 19. HP: 115/115 MP: 47/50
 40356 | Swamp:4  | Got a decaying rune of Zot
 40603 | Swamp:4  | Learned a level 8 spell: Ignition
 41088 | Elf:1    | Entered Level 1 of the Elven Halls
 41223 | Elf:1    | Noticed Kirke
 41227 | Elf:1    | Killed Kirke
 41431 | Elf:1    | Noticed Jorgrun
 41493 | Elf:1    | Reached skill level 26 in Spellcasting
 41493 | Elf:1    | Killed Jorgrun
 42041 | Elf:1    | Found Vuorph's Book Shoppe.
 42381 | Elf:2    | Offered knowledge of Fire Storm by Vehumet.
 42381 | Elf:2    | Offered knowledge of Chain Lightning by Vehumet.
 42381 | Elf:2    | Offered knowledge of Polar Vortex by Vehumet.
 42574 | Elf:2    | Learned a level 9 spell: Fire Storm
 42670 | Elf:2    | Found a runed translucent gate.
 42670 | Elf:2    | Found a runed translucent gate.
 42671 | Elf:2    | Found a runed translucent gate.
 43707 | Elf:3    | Entered Level 3 of the Elven Halls
 44086 | Elf:3    | Reached XP level 20. HP: 113/124 MP: 49/52
 44233 | Elf:3    | Identified the +1 robe of the Morning {Dex+3}
 44476 | Elf:3    | Found a runed translucent door.
 44478 | Elf:3    | Reached skill level 27 in Spellcasting
 45307 | Depths:1 | Entered Level 1 of the Depths
 45322 | Depths:1 | Identified the +2 buckler of the Bard {rElec rF- Str+6
                  | Dex+2}
 45458 | Depths:1 | Got Motuenof's Dissertation on Austromancy and Tephra
 45807 | Depths:1 | Noticed Norris
 45809 | Depths:1 | Reached skill level 15 in Shields
 46141 | Depths:1 | Found an opulent altar of Gozag.
 46635 | Depths:1 | Found Big Baal Hell's Store.
 46698 | Depths:1 | Found a gateway to Hell.
 47000 | Depths:1 | Killed Norris
 47001 | Depths:1 | Reached skill level 15 in Fire Magic
 47155 | Depths:2 | Found a one-way gateway to a ziggurat.
 47674 | Depths:2 | HP: 2/124 [spark wasp/living lightning (30)]
 48097 | Vaults:1 | Entered Level 1 of the Vaults
 48100 | Vaults:1 | Identified the +0 scale mail of the Leaf {Rampage *Corrode
                  | rF- Int+9}
 48462 | Vaults:1 | Noticed Donald
 48465 | Vaults:1 | Killed Donald
 48504 | Vaults:1 | You fall into a shaft and drop 1 floor!
 48527 | Vaults:2 | Noticed Margery
 48536 | Vaults:2 | Killed Margery
 48965 | Vaults:2 | Reached XP level 21. HP: 129/129 MP: 54/54
 49752 | Vaults:1 | Found a portal to a secret trove of treasure.
 49931 | Vaults:1 | Got Even Learners Can Use Mysticism!
 50097 | Vaults:2 | Noticed an ancient lich
 50109 | Vaults:2 | Killed an ancient lich
 50255 | Vaults:2 | Found the +3 salamander hide armour {Flames, rFlCloud rF++
                  | rC--}
 50565 | Vaults:2 | Noticed Bai Suzhen
 50570 | Vaults:2 | Killed Bai Suzhen
 51444 | Vaults:3 | Found Idaday's General Store.
 51450 | Vaults:3 | Bought a scroll of blinking for 127 gold pieces
 51471 | Vaults:3 | Identified the +6 arbalest of Parts Unknown {speed, rC-
                  | Dex+6}
 51922 | Vaults:3 | Identified the +5 dagger of Ashenzari's Anger {drain,
                  | Str+3}
 52052 | Vaults:3 | Found a staircase to the Crypt.
 52642 | Vaults:4 | Found Punid's Weapon Shoppe.
 53136 | Vaults:4 | Reached XP level 22. HP: 62/135 MP: 44/55
 53729 | Vaults:5 | Entered Level 5 of the Vaults
 53739 | Vaults:5 | Paralysed by a sphinx for 2 turns
 53956 | Vaults:5 | Noticed a golden dragon
 54876 | Elf:3    | Identified the ring of Untevuun {Will+ rCorr Int+3 SInv}
                  | (You took it off a deep elf death mage on level 3 of the
                  | Elven Halls)
 54952 | Elf:3    | Identified the +0 ring mail "Kolosop" {Dex+3}
 55139 | Elf:3    | Got the Parchment of Metallic Assembling
 55197 | Elf:3    | Identified the ring of Syawn {rF- rN+ rCorr AC+4 Stlth+}
 55841 | Vaults:1 | You paid a toll of +5 fire dragon scales to enter a
                  | treasure trove
 55842 | Trove    | Entered a treasure trove
 55855 | Trove    | Got the Grimoire of Hail
 55858 | Trove    | Got the Thoughts on the Hyperbolic Body
 55861 | Trove    | Got Sif Muna's Compilation of the Tundra and the Vector
 55869 | Trove    | Got Sif Muna's Cryptic Record of the Deep Elf Lorekeeper
 55876 | Trove    | Got Moxkus's Secrets of Coruscating Ectoplasm
 55904 | Trove    | Got the Dissertation on the Bonfire
 55927 | Vaults:1 | Learned a level 6 spell: Leda's Unmaking
 56023 | Vaults:5 | Noticed a dread lich
 56669 | Snake:3  | Killed GloriousHammer's ghost
 56852 | Snake:4  | Killed Yti Onoa's ghost
 56880 | Snake:4  | Got the Elucidation of the Tincture and the Sky
 57501 | Depths:2 | HP: 4/135 [fire giant/fireball (55)]
 57815 | Depths:2 | Reached skill level 10 in Armour
 58016 | Depths:2 | Found a shadowy altar of Dithmenos.
 58372 | Depths:2 | Noticed a juggernaut
 58374 | Depths:2 | Killed a juggernaut
 58375 | Depths:2 | Reached XP level 23. HP: 54/140 MP: 13/56
 58764 | Depths:2 | Noticed a caustic shrike
 58765 | Depths:2 | Noticed a caustic shrike
 58766 | Depths:2 | Killed a caustic shrike
 58768 | Depths:2 | Killed a caustic shrike
 58769 | Depths:2 | Noticed a caustic shrike
 58771 | Depths:2 | Killed a caustic shrike
 58773 | Depths:2 | Noticed a caustic shrike
 58774 | Depths:2 | Killed a caustic shrike
 59020 | Depths:2 | Identified the +1 flail "Miups" {heavy, Int+2}
 59137 | Depths:2 | Identified the +3 spear "Abomaj" {heavy, Dex+3}
 59168 | Depths:2 | Identified the +10 war axe of Aliush {heavy, SInv}
 59351 | Depths:2 | Found a one-way gate leading to the halls of Pandemonium.
 59686 | Depths:3 | Found Quv Houcs's Antique Armour Shop.
 59690 | Depths:3 | Found Leso Tum's Distillery.
 59699 | Depths:3 | Bought 2 potions of heal wounds for 180 gold pieces
 59699 | Depths:3 | Bought a potion of curing for 54 gold pieces
 59700 | Depths:3 | Noticed Louise
 59702 | Depths:3 | Killed Louise
 59732 | Depths:3 | Found a one-way gate to the infinite horrors of the Abyss.
 59772 | Depths:3 | Noticed a dread lich
 59774 | Depths:3 | Killed a dread lich
 60459 | Depths:4 | Entered Level 4 of the Depths
 61058 | Depths:4 | Reached XP level 24. HP: 145/145 MP: 51/56
 61175 | Depths:4 | Found a gate to the Realm of Zot.
 62766 | Vaults:5 | Killed a dread lich
 62769 | Vaults:5 | HP: 7/145 [ettin/+0 dire flail (6)]
 62771 | Vaults:5 | Killed from afar by a deep elf sorcerer

Illustrated notes

Levels and vault maps discovered:
D:1:      saegor_arrival_simple_d, layout_basic,
          shapermc_ecumenical_altar_pompeii
D:2:      layout_rooms, basic_altar, ebering_dispersal_statue_hall,
          minmay_box_of_dots
D:3:      layout_basic, grunt_decor_junction, hangedman_decor_clover_reticule,
          uniq_robin
D:4:      layout_basic, nicolae_overflow_hidden_temple, serial_shops, shop,
          ebering_ghost_rock_garden, nicolae_twisty_statue_hallways,
          uniq_crazy_yiuf_cottage
D:5:      layout_basic, minmay_temple_entry_water_ring
D:6:      layout_cave_pools, grunt_temple_overflow_order_and_chaos_1,
          cheibrodos_sewer_entry_bend, corexii_hall_statues_l, uniq_pikel,
          uniq_prince_ribbit1, uniq_sigmund
D:7:      minmay_the_grid_triangle_9x9_rhombus_full
          [minmay_the_grid_triangle_9x9_semitri,
          minmay_the_grid_triangle_9x9_pentomino_pain,
          minmay_the_grid_triangle_9x9_fully_insulated_deathbox,
          minmay_the_grid_triangle_9x9_empty,
          minmay_the_grid_triangle_9x9_corruption,
          minmay_the_grid_triangle_9x9_flanged_cone,
          minmay_the_grid_triangle_9x9_sparse_checkered,
          minmay_the_grid_triangle_9x9_prize_schism], layout_basic,
          enter_ossuary_1, enter_bailey_3, minmay_misc_feat_hallway
D:8:      layout_rooms, jmf_multi_god_temple2, minmay_misc_feat_square,
          nicolae_diode_stairs, uniq_maurice
D:9:      layout_basic, lair_entry_dummy, amethyst_killhole
D:10:     layout_layer_cave, uniq_josephine, uniq_harold
D:11:     layout_big_octagon, erik_orc_1
D:12:     layout_roguey
D:13:     layout_irregular_city, gauntlet_entry_generic, uniq_urug
D:14:     layout_loops_ring, hellmonk_vaults_attempted_burglary,
          minmay_misc_feat_five, minmay_rotating_lava
D:15:     gammafunk_depths_entry_grave, layout_basic, minmay_door_square,
          zin_scriptorium
Temple:   nicolae_temple_x_marks_the_god
Lair:1:   layout_gridlike, lemuel_centaur_altar, lemuel_fruit_tree,
          grunt_megastairs_1, uniq_amaemon
Lair:2:   layout_loops_ring, alex1729_snake_entry_snake, basic_altar
Lair:3:   layout_gridlike, skrybe_swamp_entry_bodies, wad_woods_river_04,
          grunt_forest_large_clearing_hut
Lair:4:   layout_roguey, slime_entry_1, gammafunk_ghost_grave, minivault_24,
          dpeg_oklob_1
Lair:5:   evilmike_catoblepas_cave, layout_gridlike
Swamp:1:  layout_basic_swamp, nicolae_swamp_well_well_well
Swamp:2:  layout_basic_swamp, infiniplex_staircase_pool_2
Swamp:3:  cheibrodos_swamp_mausoleum, layout_basic_swamp,
          nicolae_swamp_very_dense_foliage
Swamp:4:  swamp_icy, layout_basic_swamp, swamp_pool5
Snake:1:  layout_honeycomb, serial_shops, nicolae_book_shop_shelving,
          nicolae_shop_hallway_plus, nicolae_shop_hallway_stairs, shop,
          nicolae_square_shop, nicolae_shop_dragon_depot, minmay_shop_grove
Snake:2:  layout_misc_corridors, grunt_megastairs_5, minmay_shop_star,
          uniq_aizul
Snake:3:  layout_rooms, ebering_ghost_gozag, hangedman_feature_mirror
Snake:4:  johnstein_snake_rune_scales, layout_cave_town, serial_shops, shop,
          ebering_ghost_inner_flame, grunt_megastairs_3
Orc:1:    layout_diamond_mine
Orc:2:    st_orc_ogre_mass, layout_diamond_mine
Elf:1:    layout_geoelf_grid, serial_shops, nicolae_shop_stone, minivault_28,
          elves_outpost_lemuel, grunt_megastairs_2, uniq_jorgrun, uniq_kirke
Elf:2:    nicolae_elf_blades_splatter_lattice [nicolae_blade_lattice],
          layout_geoelf_grid
Elf:3:    elf_hall_gauntlet_narrow, layout_onion_city, minivault_13
Vaults:1: nicolae_vaults_closet_pinwheel_6, vaults_room_guarded_vault,
          nicolae_vaults_house_3, ontoclasm_vaults_twist,
          nicolae_vaults_trapezoid_1, nicolae_vaults_big_angled_halls,
          vaults_mumra_hex, ontoclasm_vaults_ring_large,
          nicolae_vaults_frosty_reception, ontoclasm_vaults_chip, v_misc_23,
          nicolae_vaults_sesquioval_fish, nicolae_vaults_asterisk, v_rooms_3,
          layout_vaults_ring, enter_trove_2, uniq_donald
Vaults:2: nicolae_vaults_shock_wave, nicolae_vaults_diagonal_hallway_7,
          ontoclasm_vaults_hangar, nicolae_vaults_alarming, v_misc_25,
          hangedman_vaults_capsules, dpeg_vaults_monster_row,
          nicolae_vaults_stairing_the_circle, nicolae_vaults_tetromino_L_1,
          nicolae_vaults_offset_grid_hallway_4,
          nicolae_vaults_trapezoid_lopsided_1, vaults_standard_mumra_lines,
          layout_vaults_omnibox, uniq_bai_suzhen, uniq_margery
Vaults:3: ontoclasm_vaults_ligature, nicolae_vaults_little_squares_5, v_rooms_1,
          nicolae_vaults_yaktaur_gun_rack, nicolae_vaults_trapezoid_4,
          nicolae_vaults_double_plus_2, nicolae_vaults_three_branches,
          nicolae_vaults_house_2, nicolae_vaults_offset_grid_hallway_1,
          nicolae_vaults_asterisk, minmay_crypt_entry_simple_box,
          layout_vaults_chaotic_city, serial_shops, shop
Vaults:4: vaults_room_corners, nicolae_vaults_disjoint_gnomons,
          nicolae_vaults_ring_of_whatevers, nicolae_vaults_network_barrier,
          vaults_room_stairs_pillars, ontoclasm_vaults_ring_large, v_pattern_3,
          nicolae_vaults_ring_of_whatevers, nicolae_vaults_theta,
          nicolae_vaults_tetromino_T_2, layout_vaults_omnigrid, serial_shops,
          shop
Vaults:5
Depths:1: layout_gridlike, grunt_gozag_breadcrumbs,
          nicolae_hell_entry_big_baal_hell, minmay_hollow_rounded_squares,
          uniq_norris
Depths:2: grunt_bent_corner, layout_cave_pools, enter_ziggurat_e,
          hangedman_coc_ice_floe, grunt_dithmenos_smoke,
          grunt_pan_entry_in_and_out, kennysheep_pointless_box
Depths:3: hellmonk_paralyzer, layout_cave_pools, hell_entry, serial_glass,
          glass_columns_b, glass_columns_a, minmay_strange_pillars,
          item_on_display_a, rand_demon_pan_entry_1,
          nicolae_abyss_entry_one_way_or_another, minmay_shoptagon,
          minmay_staircase_windowed_small
Depths:4: grunt_zot_entry_bicorn, layout_basic, serial_sigils_hangedman_leer,
          grunt_metal_band

Skill      XL: |  1  2  3  4  5  6  7  8  9 10 11 12 13 14 15 16 17 18 19 20 21 22 23 24 |
---------------+-------------------------------------------------------------------------+-----
Spellcasting   | 5 6 7 9 11 13 15 17 18 19 21 22 23 24 25 26 27 | 27.0
Armour         | 1 2 3 4 5 6 8 10 11 12 | 12.2
Fighting       | 1 2 3 4 5 6 8 9 11 12 13 | 13.0
Conjurations   | 2 3 5 6 7 9 10 11 12 13 14 15 16 18 20 22 24 | 24.5
Stealth        | 3 |  3.0
Dodging        | 3 |  3.0
Air Magic      | 1 |  1.1
Poison Magic   | 1 |  1.1
Shields        | 1 3 4 6 8 10 11 12 13 14 16 17 | 17.0
Necromancy     | 2 |  2.0
Evocations     | 2 |  2.0
Ice Magic      | 3 5 7 8 10 11 12 13 14 | 14.0
Fire Magic     | 3 5 7 8 10 11 12 13 14 15 17 18 20 | 20.4
Summonings     | |  1.1
Translocations | |  1.1

Action                     |  1- 3 |  4- 6 |  7- 9 | 10-12 | 13-15 | 16-18 | 19-21 | 22-24 || total
---------------------------+-------+-------+-------+-------+-------+-------+-------+-------++-------
  Melee: Dagger            |    19 |    13 |       |       |       |       |       |       ||    32
         Whip              |       |    57 |   144 |   187 |       |       |       |       ||   388
         Punch             |       |       |     1 |     2 |       |       |       |       ||     3
         War axe           |       |       |       |     1 |    34 |       |       |       ||    35
         Falchion          |       |       |       |       |       |    13 |       |       ||    13
         Staff             |       |       |       |       |       |       |     4 |       ||     4
   Cast: Magic Dart        |    76 |   101 |   189 |    82 |       |     1 |    10 |       ||   459
         Mephitic Cloud    |     3 |     7 |    30 |    53 |     9 |     1 |       |       ||   103
         Call Imp          |     2 |     2 |     5 |     4 |     5 |     2 |     1 |     1 ||    22
         Blink             |       |       |     6 |       |    13 |     3 |     2 |       ||    24
         Iskenderun's Myst |       |       |     9 |    37 |    47 |    28 |   117 |    47 ||   285
         Fireball          |       |       |       |   128 |   392 |   562 |   500 |    47 ||  1629
         Freezing Cloud    |       |       |       |     7 |    43 |    42 |    10 |    13 ||   115
         Orb of Destructio |       |       |       |    12 |    10 |     7 |    19 |     8 ||    56
         Swiftness         |       |       |       |     4 |     1 |       |       |     6 ||    11
         Ignition          |       |       |       |       |       |       |     6 |     3 ||     9
         Fire Storm        |       |       |       |       |       |       |     1 |   177 ||   178
         Leda's Unmaking   |       |       |       |       |       |       |       |    28 ||    28
  Evoke: Wand              |       |       |       |       |     1 |       |       |       ||     1
    Use: Scroll            |       |       |       |    16 |     9 |     5 |     1 |     5 ||    36
   Stab: Confused          |     3 |     1 |    18 |    25 |       |     2 |       |       ||    49
         Sleeping          |     1 |     1 |     1 |       |       |       |       |       ||     3
 Armour: Robe              |     3 |    16 |    66 |    76 |       |       |       |       ||   161
         Acid dragon scale |       |       |       |     3 |    13 |       |       |       ||    16
         Ring mail         |       |       |       |       |    11 |    40 |       |       ||    51
         Ice dragon scales |       |       |       |       |       |    32 |    46 |    28 ||   106
  Dodge: Dodged            |    20 |    35 |   155 |   118 |    41 |    56 |    37 |    22 ||   484
  Block: Buckler           |       |       |       |     3 |    23 |    45 |     6 |    22 ||    99
         Kite shield       |       |       |       |       |       |    28 |    62 |       ||    90

Table legend: (Time is in decaauts)
 A = Elapsed time spent in this place.
 B = Non-inter-level travel time spent in this place.
 C = Inter-level travel time spent in this place.
 D = Time resting spent in this place.
 E = Time spent auto-exploring this place.
 F = Levels seen in this place.
 G = Mean time per level.
                   A        B        C        D        E       F      G
               +--------+--------+--------+--------+--------+-----+--------+
         Total |  63320 |  54558 |   8762 |   7848 |  37393 |  47 | 1347.2 |
       Dungeon |  23033 |  18190 |   4843 |   2148 |  12936 |  15 | 1535.5 |
        Temple |    244 |    216 |     28 |      0 |      0 |   1 |  244.0 |
          Lair |   6910 |   6136 |    774 |    825 |   4599 |   5 | 1382.0 |
         Swamp |   3697 |   3540 |    157 |    262 |   2752 |   4 |  924.2 |
     Snake Pit |   6059 |   5385 |    674 |    711 |   3669 |   4 | 1514.8 |
  Orcish Mines |   1353 |    904 |    449 |     74 |    662 |   2 |  676.5 |
   Elven Halls |   4544 |   4216 |    328 |    649 |   2802 |   3 | 1514.7 |
        Vaults |   6649 |   5904 |    745 |    553 |   4600 |   5 | 1329.8 |
        Depths |   7593 |   6832 |    761 |   1752 |   4203 |   4 | 1898.2 |
         Trove |     76 |     76 |      0 |      0 |      0 |   1 |   76.0 |
         Sewer |    811 |    811 |      0 |      0 |    598 |   1 |  811.0 |
        Bailey |   1134 |   1134 |      0 |    213 |    461 |   1 | 1134.0 |
      Gauntlet |   1211 |   1211 |      0 |    661 |    108 |   1 | 1211.0 |
               +--------+--------+--------+--------+--------+-----+--------+

Top non-repeatable levels by time:
Depths:1: 3614 daAuts
    D:14: 2345 daAuts
    D:15: 2159 daAuts
     D:9: 2049 daAuts
Vaults:4: 2015 daAuts
 Snake:4: 1907 daAuts
   Elf:3: 1828 daAuts
  Lair:3: 1827 daAuts
    D:12: 1773 daAuts
    D:11: 1736 daAuts
    D:10: 1734 daAuts
     D:7: 1706 daAuts
    D:13: 1688 daAuts
Vaults:1: 1638 daAuts
 Snake:1: 1633 daAuts
